 Dungeon Crawl Stone Soup version 0.31-a0-1591-g515db51633 (webtiles) character file.

Game seed: 7600318071766531730

1762 James the Cutter (level 9, -22/45 HPs)
             Began as a Vine Stalker Fighter on Jan 6, 2024.
             Annihilated by an orc warlord
             ... wielding a +6 broad axe
              (24 damage)
             ... in a bailey.
             The game lasted 00:17:42 (4191 turns).

James the Cutter (Vine Stalker Fighter)             Turns: 4191, Time: 00:17:44

Health: -22/45     AC:  9    Str: 20    XL:     9   Next: 7%
Magic:  0/10       EV:  9    Int:  8    God:
Gold:   172        SH:  6    Dex: 17    Spells: 8/8 levels left

rFire   . . .        a - +1 rapier
rCold   + . .        c - +1 buckler
rNeg    . . .        h - +0 chain mail
rPois   .            (no helmet)
rElec   .            (no cloak)
rCorr   .            (no gloves)
SInv    .            (no boots)
Will    +....        (no amulet) Stlth
                     o - ring of protection from cold
HPRegen 1.07/turn    (no ring)
MPRegen 0.12/turn

%: guardian spirit
@: mighty
A: fangs 3, regeneration 1, magic shield, antimagic bite, no potion heal 2
a: no special abilities


You were in a bailey.
You visited 1 branch of the dungeon, and saw 7 of its levels.
You also visited: Bailey.

You collected 208 gold pieces.
You spent 36 gold pieces at shops.

Inventory:

Hand Weapons
 a - a +1 rapier (weapon)
 m - a +0 dagger
   (You took it off a kobold on level 1 of the Dungeon)
 t - a +0 scythe
   (You took it off Sigmund on level 2 of the Dungeon)
 v - a +0 spear
   (You took it off a gnoll on level 2 of the Dungeon)
Missiles
 n - 34 stones
 u - 7 boomerangs
Armour
 b - a +0 scale mail
 c - a +1 buckler (worn)
 h - a +0 chain mail (worn)
   (You found it on level 1 of the Dungeon)
 r - a +0 leather armour
   (You took it off an orc on level 4 of the Dungeon)
 s - a +0 robe
   (You took it off Sigmund on level 2 of the Dungeon)
 x - a +0 leather armour
   (You took it off an orc on level 2 of the Dungeon)
 y - a +0 scale mail
   (You took it off an orc on level 3 of the Dungeon)
 z - a +0 ring mail
   (You found it on level 2 of the Dungeon)
 A - a +0 leather armour
   (You took it off a gnoll bouda on level 7 of the Dungeon)
 B - an orb of mayhem
   (You found it on level 3 of the Dungeon)
 C - a +0 leather armour
   (You took it off an orc in a bailey)
 D - a +0 robe
   (You found it on level 3 of the Dungeon)
 E - a +0 ring mail
   (You found it on level 3 of the Dungeon)
 F - a +0 ring mail
   (You found it on level 4 of the Dungeon)
 G - a +0 leather armour
   (You took it off a gnoll in a bailey)
 H - a +0 leather armour
   (You took it off an orc in a bailey)
 I - a +0 leather armour
   (You took it off a goblin in a bailey)
 J - a +0 leather armour
   (You took it off a hobgoblin in a bailey)
 K - a +0 leather armour
   (You took it off a hobgoblin in a bailey)
 L - a +0 leather armour
   (You took it off a goblin in a bailey)
 M - a +0 leather armour
   (You took it off a hobgoblin in a bailey)
 N - a +0 leather armour
   (You took it off a gnoll in a bailey)
 O - a +0 leather armour
   (You took it off a goblin in a bailey)
 P - a +0 leather armour
   (You took it off a hobgoblin in a bailey)
 Q - a +0 leather armour
   (You took it off a goblin in a bailey)
 R - a +0 leather armour
   (You took it off a goblin in a bailey)
 S - a +0 leather armour
   (You took it off a hobgoblin in a bailey)
 T - a +0 leather armour
   (You took it off a hobgoblin in a bailey)
 U - a +0 chain mail
   (You took it off an orc warrior in a bailey)
 V - a +0 leather armour
   (You took it off a gnoll in a bailey)
 W - a +0 leather armour
   (You took it off a goblin in a bailey)
 X - a +0 ring mail
   (You took it off an orc warrior in a bailey)
 Y - a +0 leather armour
   (You took it off a hobgoblin in a bailey)
 Z - a +0 leather armour
   (You took it off a gnoll in a bailey)
Jewellery
 l - a ring of ice
   (You found it on level 5 of the Dungeon)
 o - a ring of protection from cold (left hand)
   (You found it on level 2 of the Dungeon)
Talismans
 g - a granite talisman
   (You found it on level 1 of the Dungeon)
Scrolls
 i - a scroll of poison {!r}
 j - a scroll of enchant weapon
 k - 3 scrolls of identify {@r1}
 q - a scroll of teleportation {@r4}
Potions
 e - a potion of degeneration {!q}
 f - a potion of cancellation
 p - a potion of curing {@q1}


   Skills:
 - Level 4.0 Fighting
 * Level 7.7 Short Blades
 - Level 4.0 Armour
 - Level 4.0 Dodging
 - Level 1.0 Stealth
 - Level 4.0 Shields


You had 8 spell levels left.
You didn't know any spells.
Your spell library contained the following spells:

 Spells                   Type           Power      Damage    Failure   Level
 Apportation              Tloc           0%         N/A       99%         1
 Necrotise                Necr           0%         1d4       99%         1
 Sting                    Conj/Alch      0%         1d3       99%         1
 Summon Small Mammal      Summ           0%         N/A       99%         1
 Lesser Beckoning         Tloc           0%         N/A       99%         2
 Gell's Gravitas          Tloc           0%         N/A       100%        3
 Teleport Other           Tloc           0%         N/A       100%        3


Dungeon Overview and Level Annotations

Branches:
Dungeon (8/15)             Bailey (1/1)
 Temple: D:4-7         Lair: D:8-11

Altars:
Qazlal
Sif Muna
Zin

Shops:
D:1 !   D:2 *


Innate Abilities, Weirdness & Mutations

You have razor-sharp teeth.
Your natural rate of healing is unusually fast.
When hurt, damage is shared between your health and your magic reserves.
Your bite disrupts and absorbs the magic of your enemies.
Potions cannot restore your health.


Message History

You puncture the orc warrior! Your bite misses the orc warrior.
The orc warrior barely misses you.
You hit the orc warrior. You bite the orc warrior. You drain its power.
The orc warrior hits you with a +0 war axe!
You closely miss the orc warrior. You bite the orc warrior.
You drain its power.
You feel invigorated. You block the orc warrior's attack.
You hit the orc warrior but do no damage.
You closely miss the orc warrior.
An orc warlord comes into view. It is wielding a +6 broad axe.
The orc warrior hits you with a +0 war axe!
* * * LOW HITPOINT WARNING * * *
You puncture the orc warrior!
You kill the orc warrior!
Throw: 2 throwing nets {!f}
Press: ? - help, Q - select action, (/) - cycle Shift-Dir - straight line, f - orc warlord
Aim: an orc warlord, wielding a +6 broad axe and wearing a +0 plate armour (70% to hit)
You throw a throwing net {!f}.
The throwing net {!f} hits the orc warlord.
The orc warlord is caught in the net!
You catch the helpless orc warlord completely off-guard!
You hit the orc warlord. You bite the orc warlord. You drain its power.
You feel invigorated.
The orc warlord struggles against the net.
You hit the orc warlord but do no damage.
You bite the orc warlord. You drain its power. You hit the orc warlord.
You bite the orc warlord. You drain its power.
The orc warlord struggles against the net.
You catch the helpless orc warlord completely off-guard!
You impale the orc warlord!!
You bite the orc warlord, but do no damage.
The orc warlord struggles against the net.
You puncture the orc warlord!
The orc warlord struggles against the net.
You hit the orc warlord but do no damage.
The orc warlord struggles against the net.
The net rips apart, and the orc warlord comes free!
Throw: throwing net {!f}
Press: ? - help, Q - select action, (/) - cycle Shift-Dir - straight line, f/p - orc warlord
Aim: an orc warlord, wielding a +6 broad axe and wearing a +0 plate armour (heavily wounded, 70% to hit)
You throw a throwing net {!f}.
The throwing net {!f} closely misses the orc warlord.
The orc warlord hits you with a +6 broad axe!!
Ouch! That really hurt!
* * * LOW HITPOINT WARNING * * *
Unknown command.
You hit the orc warlord. You bite the orc warlord. You drain its power.
You feel invigorated.
The orc warlord hits you with a +6 broad axe!!
Ouch! That really hurt!
You die...

##)#### ####+#
##.....##
#.......#
##.......##
#.........# .
##.....)...## g#
#.....⌠.....# '##
##.......).##
8.88 #......$)@#
.o...
##......o##......
#.......'g......
##.....##.......
####### ....⌠..
....... .......
#...... ??...?


You could see an orc warlord.

Vanquished Creatures
  Grinder (D:3)
  Sigmund (D:2)
  An ice beast (D:5)
  A black bear (D:4)
  7 orc warriors (Bailey)
  A scorpion (D:4)
  2 hounds
  A bombardier beetle (D:4)
  A gnoll bouda (D:7)
  2 orc priests
  An iguana (D:5)
  Natasha (thrice) (D:2 D:1)
  11 gnolls
  3 adders
  A ribbon worm (D:3)
  A dart slug (D:2)
  14 orcs
  3 bats
  6 endoplasms
  5 giant cockroaches
  12 goblins
  22 hobgoblins
  2 jackals (D:3)
  2 kobolds
  3 quokkas
  4 ball pythons
  3 frilled lizards
  2 rats
116 creatures vanquished.

Notes
Turn   | Place    | Note
-------+----------+-------------------------------------------
     0 | D:1      | James the Vine Stalker Fighter began the quest for the Orb.
     0 | D:1      | Reached XP level 1. HP: 11/11 MP: 2/2
   144 | D:1      | Reached skill level 2 in Short Blades
   157 | D:1      | Reached XP level 2. HP: 16/16 MP: 3/3
   216 | D:1      | Found a faded altar of an unknown god.
   436 | D:1      | Found Wepygo's Distillery.
   698 | D:1      | Bought a potion of curing for 36 gold pieces
   879 | D:2      | Reached XP level 3. HP: 19/19 MP: 4/4
   966 | D:2      | Noticed Natasha
   979 | D:2      | Killed Natasha
   980 | D:2      | Reached skill level 1 in Stealth
   997 | D:2      | Noticed Natasha
  1026 | D:1      | Killed Natasha
  1027 | D:1      | Reached XP level 4. HP: 12/24 MP: 1/5
  1151 | D:1      | Noticed Natasha
  1157 | D:1      | Killed Natasha
  1158 | D:1      | Reached skill level 3 in Short Blades
  1158 | D:1      | Reached skill level 1 in Dodging
  1289 | D:2      | Noticed Sigmund
  1313 | D:2      | Killed Sigmund
  1314 | D:2      | Reached skill level 4 in Short Blades
  1314 | D:2      | Reached XP level 5. HP: 23/28 MP: 6/6
  1314 | D:2      | Reached XP level 6. HP: 27/32 MP: 7/7
  1410 | D:2      | Found Jiben's General Store.
  2549 | D:3      | Found a glowing silver altar of Zin.
  2565 | D:3      | Noticed Grinder
  2581 | D:3      | Paralysed by Grinder for 4 turns
  2585 | D:3      | Killed Grinder
  2586 | D:3      | Reached skill level 5 in Short Blades
  2586 | D:3      | Reached XP level 7. HP: 16/36 MP: 8/8
  3015 | D:4      | Found a stormy altar of Qazlal.
  3492 | D:5      | Entered Level 5 of the Dungeon
  3524 | D:5      | Reached skill level 6 in Short Blades
  3524 | D:5      | Gained mutation: You have razor-sharp teeth. [Vine Stalker
                  | growth]
  3524 | D:5      | Reached XP level 8. HP: 38/40 MP: 9/9
  3569 | D:5      | You fall into a shaft and drop 3 floors!
  3584 | D:8      | Found a shimmering blue altar of Sif Muna.
  3699 | D:7      | Found a flagged portal.
  3745 | Bailey   | Entered a bailey
  4154 | Bailey   | Reached skill level 7 in Short Blades
  4167 | Bailey   | Reached XP level 9. HP: 22/45 MP: 10/10
  4181 | Bailey   | Noticed an orc warlord
  4190 | Bailey   | HP: 2/45 [orc warlord/+6 broad axe (26)]
  4191 | Bailey   | Annihilated by an orc warlord

Illustrated notes

Levels and vault maps discovered:
D:1:      mushboom_english_gardens, layout_basic,
          shapermc_ecumenical_altar_petra, serial_shops, shop
D:2:      layout_rooms, serial_shops, shop, minivault_11,
          minmay_misc_feat_diagonals, uniq_sigmund, uniq_natasha
D:3:      layout_basic, nicolae_overflow_hidden_temple, serial_forest,
          infiniplex_forest_straight_2, infiniplex_forest_lined_2,
          infiniplex_forest_clump_curved, infiniplex_forest_end_1,
          infiniplex_forest_lined_3, infiniplex_forest_corner_2,
          infiniplex_forest_straight_5, infiniplex_forest_lined_room_3,
          kennysheep_small_spiral, uniq_grinder
D:4:      layout_basic, mainiacjoe_overflow_24_doors, minmay_misc_feat_five,
          lemuel_flame_loot_1
D:5:      layout_loops_ring, mainiacjoe_overflow_tiny_flanked
D:7:      layout_cave_pods, elyvilon_altar_3, serial_gnoll_camp,
          gnoll_camp_mini_doghouse, gnoll_camp_mini_house, gnoll_camp_medium_02,
          gnoll_camp_mini_hut, gammafunk_ghost_abyssal_escape, enter_bailey_4,
          uniq_prince_ribbit1
D:8:      nzn_winding_woodlands_large [nzn_winding_woodlands_5x5_checkerboard,
          nzn_winding_woodlands_5x15_eye, nzn_winding_woodlands_5x5_open_star,
          nzn_winding_woodlands_center_garden,
          nzn_winding_woodlands_15x15_eel_pit,
          nzn_winding_woodlands_center_lodge,
          nzn_winding_woodlands_5x5_perimeter,
          nzn_winding_woodlands_5x15_zeroes, nzn_winding_woodlands_5x5_cross],
          layout_loops_corners, mainiacjoe_overflow_surrounded_room
Bailey:   bailey_axe_minmay_hex_keep, bailey

Skill      XL: |  1  2  3  4  5  6  7  8 |
---------------+-------------------------+-----
Short Blades   | 2 4 5 6 7 |  7.7
Fighting       | 3 4 |  4.0
Stealth        | 1 |  1.0
Shields        | 3 4 |  4.0
Dodging        | 2 3 4 |  4.0
Armour         | 3 4 |  4.0

Action                     |  1- 3 |  4- 6 |  7- 9 || total
---------------------------+-------+-------+-------++-------
  Melee: Rapier            |    67 |   136 |   290 ||   493
         Bite              |    17 |    42 |    96 ||   155
  Throw: Boomerang         |       |     1 |     2 ||     3
         Throwing net      |       |       |     2 ||     2
    Use: Scroll            |       |       |    11 ||    11
         Potion            |       |       |     2 ||     2
   Stab: Held in net/web   |       |       |     2 ||     2
 Armour: Scale mail        |    23 |       |       ||    23
         Chain mail        |    27 |    99 |   139 ||   265
  Dodge: Dodged            |    27 |    40 |   103 ||   170
  Block: Buckler           |    10 |    27 |    60 ||    97

Table legend: (Time is in decaauts)
 A = Elapsed time spent in this place.
 B = Non-inter-level travel time spent in this place.
 C = Inter-level travel time spent in this place.
 D = Time resting spent in this place.
 E = Time spent auto-exploring this place.
 F = Levels seen in this place.
 G = Mean time per level.
                   A        B        C        D        E       F      G
               +--------+--------+--------+--------+--------+-----+--------+
         Total |   4209 |   3830 |    379 |    204 |   2078 |   8 |  526.1 |
       Dungeon |   3768 |   3389 |    379 |    110 |   2078 |   7 |  538.3 |
        Bailey |    441 |    441 |      0 |     94 |      0 |   1 |  441.0 |
               +--------+--------+--------+--------+--------+-----+--------+

Top non-repeatable levels by time:
     D:3: 1116 daAuts
     D:1: 1005 daAuts
     D:2: 734 daAuts
     D:4: 658 daAuts
  Bailey: 441 daAuts
     D:7: 122 daAuts
     D:5: 73 daAuts
     D:8: 56 daAuts
